 Dungeon Crawl Stone Soup version 0.30.1-9-gdf580d7c3d (webtiles) character file.

Game seed: 18029734618395067731

87 p00ps00p the Trooper (level 4, 0/41 HPs)
             Began as a Hill Orc Fighter on Oct 15, 2023.
             Succumbed to Robin's poison
             ... on level 3 of the Dungeon.
             The game lasted 00:03:01 (1582 turns).

p00ps00p the Trooper (Hill Orc Fighter)             Turns: 1582, Time: 00:03:01

Health: 0/41       AC:  7    Str: 20    XL:     4   Next: 51%
Magic:  4/4        EV:  9    Int:  8    God:
Gold:   88         SH:  4    Dex: 10    Spells: 3/3 levels left

rFire   . . .        g - +0 whip (vamp)
rCold   . . .        c - +0 buckler
rNeg    . . .        b - +0 scale mail
rPois   .            (no helmet)
rElec   .            (no cloak)
rCorr   .            (no gloves)
SInv    .            (no boots)
Will    .....        (no amulet) Stlth
                     i - ring of flight
HPRegen 0.26/turn    (no ring)
MPRegen 0.09/turn

%: no passive effects
@: mighty, lethally poisoned (0 -> -10), about to teleport, flying
A: no striking features
a: no special abilities


You were on level 3 of the Dungeon.
You visited 1 branch of the dungeon, and saw 3 of its levels.

You collected 88 gold pieces.

Inventory:

Hand Weapons
 a - a +0 war axe
 g - a +0 vampiric whip (weapon)
Missiles
 k - 4 boomerangs (quivered)
Armour
 b - a +0 scale mail (worn)
 c - a +0 buckler (worn)
Jewellery
 i - a ring of flight (left hand)
Scrolls
 f - a scroll of immolation
 h - a scroll of teleportation
Potions
 e - a potion of mutation


   Skills:
 + Level 4.4 Fighting
 + Level 3.8 Axes
 + Level 4.0 Armour
 + Level 3.9 Shields


You had 3 spell levels left.
You didn't know any spells.
Your spell library was empty.

Dungeon Overview and Level Annotations

Branches:
Dungeon (3/15)

Altars:

Annotations:
D:3 Robin


Message History

You barely miss the goblin. Robin hits you but does no damage.
You are poisoned.
The goblin hits you but does no damage. x2; The goblin barely misses you. x2
You block the goblin's attack.
You whack the goblin!
You feel better.
You kill the goblin!
You feel sick. Robin closely misses you.
The goblin hits you but does no damage.
A goblin comes into view. It is wielding a +0 dagger. x2
You block the goblin's attack. The goblin hits you with a +0 dagger.
You whack the orc!
You kill the orc!
You feel sick. Robin throws the goblin at you!
The goblin hits you but does no damage. The goblin closely misses you.
The goblin hits you with a +0 dagger.
A hobgoblin comes into view.
The goblin hits you with a +0 dagger. The goblin hits you but does no damage.
Robin closely misses you. You block the goblin's attack.
The goblin hits you but does no damage. x2
Unknown command.
You whack the goblin!
You kill the goblin!
You feel sick.
Robin hits you from afar with a +0 spear of venom.
* * * LOW HITPOINT WARNING * * *
You block the goblin's attack. The goblin hits you but does no damage.
The goblin closely misses you.
A hobgoblin comes into view.
As you read the scroll of teleportation, it crumbles to dust.
You feel strangely unstable.
You feel sick.
The hobgoblin shouts!
The goblin hits you with a +0 dagger.
* * * LOW HITPOINT WARNING * * *
You block the goblin's attack. The goblin hits you but does no damage.
Robin hits you from afar with a +0 spear of venom.
* * * LOW HITPOINT WARNING * * *
You are more poisoned.
You whack the goblin!
You kill the goblin!
You die...

#. ...... #.# .....
... ##... .... #.....
....[ ...####....#
...... #.#........#
......##.#........#
#....g).#........####
#..)@..............
#..g.)g.............
#..g........<..#
#..g####...###.# #g..
#.....# .. .g.g.
#.....# .# ..g..
#.....# # .....
#.....# #.....#


You could see Robin, 3 hobgoblins and 5 goblins.

Vanquished Creatures
  3 adders
  2 worms (D:2)
  A dart slug (D:1)
  An orc (D:3)
  2 endoplasms
  7 goblins
  6 hobgoblins (D:1)
  8 jackals
  4 kobolds
  6 ball pythons
  A bat (D:1)
  2 frilled lizards
  3 rats (D:1)
46 creatures vanquished.

Notes
Turn   | Place    | Note
-------+----------+-------------------------------------------
     0 | D:1      | p00ps00p the Hill Orc Fighter began the quest for the Orb.
     0 | D:1      | Reached XP level 1. HP: 19/19 MP: 1/1
   160 | D:1      | Reached XP level 2. HP: 27/27 MP: 2/2
   367 | D:1      | Reached XP level 3. HP: 33/33 MP: 3/3
   964 | D:2      | Reached XP level 4. HP: 32/40 MP: 4/4
  1568 | D:3      | Noticed Robin
  1582 | D:3      | Succumbed to Robin's poison

Illustrated notes

Levels and vault maps discovered:
D:1:      lightli_arrival_maybe_door_vault, layout_basic, minmay_tripent
D:2:      wad_pebble_path, layout_basic
D:3:      layout_basic, amcnicky_mini_rare_corridor_liquid, uniq_robin

Skill      XL: |  1  2  3  4 |
---------------+-------------+-----
Axes           | 3 |  3.8
Fighting       | 4 |  4.4
Armour         | 4 |  4.0
Shields        | |  3.9

Action                     |  1- 3 |  4- 6 || total
---------------------------+-------+-------++-------
  Melee: War axe           |    26 |       ||    26
         Whip              |    98 |    45 ||   143
    Use: Scroll            |     4 |     3 ||     7
         Potion            |       |     1 ||     1
 Armour: Scale mail        |    54 |    48 ||   102
  Dodge: Dodged            |    51 |    25 ||    76
  Block: Buckler           |    18 |    16 ||    34
